Map: Oxide LE

Players

Gerald

  • Race: Protoss Protoss

souL - Winner!

  • Race: Terran Terran

Event: DreamHack SC2 Masters 2021 Fall

VOD

Have the link to the VOD?

Description

Time

  • Played on: Aug. 11, 2021, 2 p.m.
  • Length: 8:31

All games in this series

Show
View Real Time Build Order
Export as new Build Order

Gerald Protoss 

Build Orders: 1 Gate Expand, Blink Stalkers, Colossus Rush 

Get SALT Encoding   

  12  0:00  Probe  
  13  0:12  Probe  
  14  0:17  Pylon  
  14  0:24  Probe (Chrono Boost)  
  16  0:36  Gateway  
  16  0:37  Probe (Chrono Boost)  
  16  0:42  Probe (Chrono Boost)  
  16  0:46  Assimilator  
  17  0:51  Probe  
  18  1:03  Probe  
  19  1:15  Probe  
  20  1:25  Cybernetics Core  
  20  1:28  Probe  
  21  1:36  Nexus  
  21  1:41  Pylon  
  21  1:50  Probe  
  21  1:52  Assimilator  
  22  2:02  Probe  
  22  2:03  Sentry (Chrono Boost)  
  26  2:15  Probe  
  26  2:17  Gateway  
  26  2:19  Warp Gate  
  26  2:27  Probe (Chrono Boost)  
  26  2:28  Stalker  
  30  2:38  Probe (Chrono Boost)  
  30  2:40  Pylon  
  30  2:43  Probe (Chrono Boost)  
  32  2:51  Probe (Chrono Boost)  
  33  3:00  Probe (Chrono Boost)  
  33  3:01  Robotics Facility  
  33  3:02  Probe (Chrono Boost)  
  34  3:06  Probe (Chrono Boost)  
  34  3:07  Probe (Chrono Boost)  
  34  3:08  Twilight Council  
  36  3:18  Probe x2  
  38  3:24  Shield Battery  
  38  3:30  Probe x2  
  40  3:39  Assimilator  
  40  3:42  Blink (Chrono Boost), Probe x2  
  42  3:49  Observer  
  42  3:54  Probe x2  
  45  3:57  Pylon  
  45  4:06  Probe x2  
  45  4:07  Nexus  
  47  4:12  Assimilator  
  47  4:15  Stalker x2  
  51  4:18  Probe x2  
  51  4:22  Pylon  
  53  4:31  Probe  
  54  4:35  Observer  
  54  4:36  Probe  
  56  4:40  Stalker x2  
  56  4:43  Probe  
  58  4:56  Probe x2  
  60  5:07  Forge, Robotics Bay  
  60  5:08  Probe x2  
  60  5:12  Observer  
  63  5:20  Gateway x2, Probe x3 (Chrono Boost)  
  66  5:27  Pylon  
  66  5:30  Probe (Chrono Boost)  
  66  5:31  Probe (Chrono Boost)  
  66  5:34  Probe (Chrono Boost)  
  66  5:35  Probe (Chrono Boost)  
  68  5:37  Probe  
  71  5:44  Protoss Ground Weapons Level 1 (Chrono Boost)  
  71  5:45  Probe  
  71  5:46  Shield Battery, Probe  
  71  5:49  Probe  
  73  5:51  Stalker x2  
  77  5:57  Colossus (Chrono Boost)  
  79  6:09  Probe  
  79  6:10  Probe  
  81  6:12  Probe  
  81  6:14  Pylon  
  81  6:15  Extended Thermal Lance  
  82  6:21  Stalker x2, Probe  
  87  6:25  Sentry  
  87  6:26  Probe  
  87  6:28  Pylon  
  87  6:30  Assimilator  
  90  6:34  Assimilator  
  90  6:36  Charge (Chrono Boost)  
  90  6:38  Zealot  
  92  6:40  Probe  
  92  6:41  Pylon  
  86  6:54  Zealot x3  
  86  6:57  Probe x2  
  79  7:09  Probe x3  
  79  7:11  Pylon  
  79  7:15  Gateway x2  
  82  7:17  Gateway  
  82  7:18  Gateway, Stalker x4  
  82  7:22  Colossus  
  96  7:34  Photon Cannon  
  96  7:38  Probe  
  96  7:42  Sentry x2, Zealot x2  
  97  7:53  Probe  
  78  8:06  Stalker x4  
  72  8:13  Probe x2  
  72  8:15  Zealot  
  72  8:16  Zealot x3  
  72  8:17  Probe  
Show
View Real Time Build Order
Export as new Build Order

souL Terran - Winner!

Build Orders:  

Get SALT Encoding   

  12  0:00  SCV  
  13  0:12  SCV  
  14  0:17  Supply Depot  
  14  0:24  SCV  
  15  0:38  SCV  
  15  0:40  Barracks  
  16  0:44  Refinery  
  16  0:50  SCV  
  17  1:02  SCV  
  18  1:14  SCV  
  19  1:28  Marine, Orbital Command  
  20  1:47  Barracks Reactor  
  20  1:49  Supply Depot  
  20  1:50  Command Center  
  20  1:55  SCV  
  21  2:07  SCV  
  22  2:10  Factory  
  22  2:15  Bunker  
  22  2:19  SCV  
  23  2:23  Marine  
  23  2:24  Marine  
  25  2:31  SCV  
  25  2:33  Refinery  
  26  2:41  Marine  
  26  2:44  SCV  
  27  2:55  Starport  
  27  2:56  Widow Mine  
  27  2:58  SCV  
  30  3:02  Orbital Command  
  30  3:08  Marine x2  
  30  3:10  SCV  
  33  3:18  Widow Mine  
  35  3:22  SCV  
  36  3:27  Supply Depot  
  36  3:28  SCV  
  36  3:33  Medivac  
  39  3:34  SCV  
  39  3:39  Widow Mine  
  39  3:40  SCV  
  43  3:44  Barracks  
  43  3:46  SCV  
  44  3:52  Supply Depot  
  44  3:53  SCV  
  45  3:58  SCV  
  45  3:59  Marine x2  
  48  4:05  SCV, Factory Tech Lab, Starport Tech Lab  
  48  4:10  SCV  
  48  4:11  Barracks  
  50  4:17  SCV  
  50  4:20  Engineering Bay  
  50  4:23  Refinery, SCV  
  50  4:24  Raven  
  51  4:29  Marine, SCV  
  55  4:35  SCV  
  56  4:39  Marine x2  
  56  4:40  Stimpack  
  56  4:41  SCV  
  59  4:46  Marine  
  59  4:47  SCV  
  59  4:53  SCV  
  59  4:57  Marine  
  59  4:58  Terran Infantry Weapons Level 1  
  59  4:59  SCV  
  62  5:00  Supply Depot  
  62  5:01  Supply Depot  
  62  5:02  Refinery  
  62  5:09  Factory Reactor  
  62  5:13  Starport Reactor  
  62  5:14  Marine x2, SCV x2, Marauder x2  
  70  5:24  Supply Depot  
  70  5:25  Supply Depot, Combat Shield  
  70  5:26  SCV x2  
  72  5:31  Marine  
  72  5:32  Marine  
  74  5:38  SCV, Marauder  
  74  5:40  Marauder  
  79  5:48  Supply Depot  
  79  5:50  Supply Depot, Medivac x2  
  79  5:55  Marine  
  84  5:59  Marauder  
  84  6:01  Marauder  
  84  6:02  Widow Mine x2  
  88  6:05  Marine  
  87  6:16  Marine  
  88  6:20  Concussive Shells, Marauder  
  88  6:23  Marauder  
  88  6:24  Command Center  
  92  6:32  Medivac x2  
  96  6:34  Widow Mine x2  
  96  6:35  Marine  
  101  6:40  Supply Depot  
  101  6:42  Marauder  
  101  6:43  Marine  
  101  6:44  Marauder  
  104  6:53  Marine  
  99  7:00  Marine  
  90  7:02  Medivac  
  90  7:03  Marauder  
  90  7:06  Widow Mine x2, Marauder  
  90  7:07  Medivac  
  98  7:11  Marine  
  99  7:16  SCV x2  
  99  7:18  Marine  
  102  7:23  Barracks x2  
  102  7:24  Marauder  
  102  7:27  Marauder  
  102  7:28  SCV  
  102  7:29  Marine, SCV  
  109  7:32  Medivac  
  109  7:36  Marine  
  112  7:38  Orbital Command  
  112  7:40  SCV  
  66  7:44  Medivac  
  113  7:46  Marauder  
  113  7:49  Marine, Marauder  
  120  7:53  SCV  
  120  7:54  Marine, SCV  
  122  7:59  Widow Mine x2  
  120  8:06  Marine, SCV  
  120  8:07  SCV, Marauder  
  120  8:10  Marine  
  122  8:13  Marine  
  122  8:14  SCV  
  122  8:19  SCV  
  125  8:23  Barracks Reactor, Barracks Tech Lab  

Tags
 
Add a new tag
Caveats
  • Supply blocks, unpowered buildings, or Contaminate may cause inaccurate times.
  • Supply counts are checked every 10 seconds.